 Dungeon Crawl Stone Soup version 0.29-a0-542-g075992c915 (webtiles) character file.

Game seed: 4886777586352227972

22 ytrimaz the Ducker (level 2, -2/14 HPs)
             Began as a Felid Chaos Knight on June 5, 2022.
             Was a Plaything of Xom.
             Slain by a shadow imp (4 damage)
             ... summoned by Xom
             ... on level 1 of the Dungeon.
             The game lasted 00:03:12 (1401 turns).

ytrimaz the Ducker (Felid Chaos Knight)             Turns: 1401, Time: 00:03:12

Health: -2/14      AC:  1    Str:  8    XL:     2   Next: 68%
Magic:  4/4        EV: 18    Int: 13    God:    Xom [*.....]
Gold:   117        SH:  0    Dex: 15    Spells: 2/2 levels left
                                        Lives:  0   Deaths: 0

rFire   . . .      SeeInvis +     - Unarmed
rCold   . . .      Faith    .   (shield unavailable)
rNeg    . . .      Spirit   .   (body armour unavailable)
rPois   .          Reflect  .   (helmet unavailable)
rElec   .          Harm     .   (cloak unavailable)
rCorr   .          Rampage  .   (gloves unavailable)
Will    .....                   (boots unavailable)
Stlth   +.........              (no amulet)
HPRegen 0.04/turn               (no ring)
MPRegen 0.09/turn               (no ring)

@: quick
A: very small, claws 1, fangs 3, see invisible, speed 1, shaggy fur 1, stealthy
paws, no weapons or thrown items, no armour, multi-lived
a: Renounce Religion


You were on level 1 of the Dungeon.
You worshipped Xom.
You were a special plaything of Xom.
You visited 1 branch of the dungeon, and saw 1 of its levels.

You collected 117 gold pieces.

Inventory:

Scrolls
 d - a scroll of identify {unknown}
 e - a scroll of immolation {unknown}
 f - a scroll of torment {unknown}
Potions
 b - a potion of cancellation {unknown}
 c - a potion of curing {unknown}
Miscellaneous
 a - a piece from Xom's chessboard (11/15) (quivered)


   Skills:
 - Level 3.3 Fighting
 + Level 3.8 Dodging
 * Level 0.2 Stealth
 - Level 3.0 Unarmed Combat
 * Level 0.9 Spellcasting


You had 2 spell levels left.
You didn't know any spells.
Your spell library contained the following spells:

 Spells                   Type           Power      Damage    Failure   Level
 Beastly Appendage        Tmut           0%         N/A       28%         1
 Wereblood                Tmut           0%         N/A       41%         2
 Spider Form              Tmut/Pois      0%         N/A       65%         3


Dungeon Overview and Level Annotations

Branches:
Dungeon (1/15)

Altars:


Innate Abilities, Weirdness & Mutations

You have sharp claws.
You have razor-sharp teeth.
You have supernaturally acute eyesight. (SInv)
You cover ground quickly. (Speed+)
You are covered in fur. (AC +1)
Your paws help you pounce on unaware monsters.
You are incapable of wielding weapons or throwing items.
You cannot wear armour.
You gain extra lives every three experience levels.


Message History

A bat is nearby!
You closely miss the bat. The bat barely misses you.
You barely miss the bat. The bat barely misses you.
Xom is getting BORED.
The bat barely misses you. The bat closely misses you.
The bat barely misses you.
You scratch the bat but do no damage. The bat completely misses you.
A bat is nearby!
The bat barely misses you.
You completely miss the bat. The bat closely misses you. The bat hits you.
You scratch the bat.
You kill the bat!
Xom is getting BORED.
You are now a BORING thing. "Let's see if it's strong enough to survive yet."
You are now a special plaything of Xom.
The shadow imp gestures at you. Pain shoots through your body!
Ouch! That really hurt!
The shadow imp gestures at you.
You barely resist. The shadow imp gestures at you.
Pain shoots through your body!
* * * LOW HITPOINT WARNING * * *
The shadow imp shouts, "Remove thy stench, thou pox-marked unchin-snouted dingleberry!"
Non-targeted evoke: piece from Xom's chessboard (14/15)
Press: ? - help, Q - select action Dir - look around, f - activate
Okay, then.
You make a move on Xom's chessboard...
The shadow imp resists with significant effort.
The shadow imp barely misses you.
Unknown command.
You make a move on Xom's chessboard...
The shadow imp resists with significant effort.
The shadow imp disappears for a moment.
The shadow imp completely misses you.
You make a move on Xom's chessboard...
The shadow imp is moving more slowly.
The shadow imp hits you.
You die...

###....####..#..........#.#
#...#
..........#.[..........##.#
###.#
######....................# #.#
...###.................#### ###
##...........#...>.....# ####
.#...........#.#..#....... #...
.#..............5.#.#...## #.##
.#......#.#..#.#5##.#...# #.#
##......#....#.#@##.#...# #.#
........###.##.#.##.##### #.#
...............#.......# #.#
####.#.####..########..#######.#
.....#.# #..#..##.###.#...#.#.#
######.# #..##.#..#...#.#...#.#
.......# #..#..#.##.###.#####.#
###########..#.##.#....#....##.#
##### #.....#......#..#.##..#.#


You could see 2 shadow imps.

Vanquished Creatures
  2 endoplasms (D:1)
  A giant cockroach (D:1)
  3 hobgoblins (D:1)
  3 kobolds (D:1)
  3 quokkas (D:1)
  3 ball pythons (D:1)
  2 bats (D:1)
  2 frilled lizards (D:1)
  A rat (D:1)
20 creatures vanquished.

Notes
Turn   | Place    | Note
-------+----------+-------------------------------------------
     0 | D:1      | ytrimaz the Felid Chaos Knight began the quest for the Orb.
     0 | D:1      | Reached XP level 1. HP: 10/10 MP: 2/2
   450 | D:1      | Reached XP level 2. HP: 14/14 MP: 3/3
   594 | D:1      | XOM: cloud trail
   636 | D:1      | XOM: god gift: 30 gold pieces
  1145 | D:1      | XOM: torment (8/14 hp)
  1390 | D:1      | XOM is BORED!
  1390 | D:1      | XOM: summons 2 hostile demons
  1401 | D:1      | Slain by a shadow imp

Illustrated notes

Levels and vault maps discovered:
D:1:      psy_arrival_radial01, layout_basic

Action                   || total
-------------------------++-------
Melee: Unarmed           ||    67
       Bite              ||     4
       Punch             ||     3
Evoke: Piece from Xom's  ||     4
Armor: Skin              ||     3
Dodge: Dodged            ||    61

Table legend: (Time is in decaauts)
 A = Elapsed time spent in this place.
 B = Non-inter-level travel time spent in this place.
 C = Inter-level travel time spent in this place.
 D = Time resting spent in this place.
 E = Time spent auto-exploring this place.
 F = Levels seen in this place.
 G = Mean time per level.
                   A        B        C        D        E       F      G
               +--------+--------+--------+--------+--------+-----+--------+
         Total |   1260 |   1260 |      0 |     71 |    993 |   1 | 1260.0 |
       Dungeon |   1260 |   1260 |      0 |     71 |    993 |   1 | 1260.0 |
               +--------+--------+--------+--------+--------+-----+--------+

Top non-repeatable levels by time:
     D:1: 1260 daAuts
